[ AOE2 MATCH · #505464901 ]
UnrankedPoles vs Vietnamese
Player's team · WIN
[ REPLAY ANALYSIS · EXTRACTED FROM THE RECORDED GAME ]
Feudal
9:45
Castle
24:56
Imperial
—
| APM avg | 58.0 |
| APM peak | 159 |
| eAPM avg | 31.9 |
| Villagers / military | 53 / 26 |
Focus
⚔️ 56.8% · 🌾 43.2%
Scout Cavalry ×22 · Militia ×4
Feudal
8:51
Castle
—
Imperial
—
| APM avg | 82.0 |
| APM peak | 166 |
| eAPM avg | 37.2 |
| Villagers / military | 48 / 38 |
Focus
⚔️ 57.5% · 🌾 42.5%
Archer ×38
Match map
Initial resources + every placement click. Lines = walls · curves = elevation contours. ◆ gold · ⬟ stone · ● berries · ✦ relic · ◌ wall gap
Your base· Open — 4t gap
General Nguyễn's base· Open — 4t gap
Smoothed initial terrain · ◌ = detected wall gap · hover for details
Inputs per minute
— Jaco - - General Nguyễn
Build order — Jaco
145 actions detected in the replay
| 0:01 | Create | Villager (Male) |
| 0:02 | Create | Villager (Male) |
| 0:02 | Create | Villager (Male) |
| 0:03 | Build | House |
| 0:06 | Build | House |
| 0:13 | Create | Villager (Male) |
| 0:13 | Create | Villager (Male) |
| 1:25 | Create | Villager (Male) |
| 1:25 | Create | Villager (Male) |
| 1:54 | Create | Villager (Male) |
| 1:54 | Create | Villager (Male) |
| 1:57 | Build | Lumber Camp |
| 2:29 | Create | Villager (Male) |
| 2:29 | Create | Villager (Male) |
| 2:50 | Create | Villager (Male) |
| 2:51 | Create | Villager (Male) |
| 3:15 | Create | Villager (Male) |
| 3:34 | Create | Villager (Male) |
| 3:34 | Create | Villager (Male) |
| 3:56 | Build | House |
| 3:58 | Build | Mill |
| 4:02 | Create | Villager (Male) |
| 4:06 | Create | Villager (Male) |
| 4:47 | Create | Villager (Male) |
| 4:58 | Create | Villager (Male) |
| 5:31 | Create | Villager (Male) |
| 5:56 | Build | Barracks |
| 6:03 | Create | Villager (Male) |
| 6:03 | Create | Villager (Male) |
| 6:47 | Research | Loom |
| 6:55 | Build | Mining Camp |
| 7:35 | Research | Feudal Age |
| 7:35 | Research | Feudal Age |
| 7:36 | Create | Militia |
| 7:36 | Create | Militia |
| 7:50 | Create | Militia |
| 8:13 | Create | Militia |
| 8:52 | Build | House |
| 8:55 | Create | Villager (Male) |
| 8:57 | Create | Villager (Male) |
| 9:45 | Age | Feudal Age |
| 9:54 | Build | Watch Tower |
| 9:58 | Research | Man-at-Arms (upgrade) |
| 9:59 | Research | Man-at-Arms (upgrade) |
| 10:00 | Research | Horse Collar |
| 10:01 | Research | Horse Collar |
| 10:04 | Create | Villager (Male) |
| 10:04 | Create | Villager (Male) |
| 10:13 | Build | Stable |
| 10:16 | Build | House |
| 10:33 | Create | Villager (Male) |
| 10:37 | Build | Farm |
| 10:55 | Create | Villager (Male) |
| 11:18 | Build | Farm |
| 11:19 | Create | Villager (Male) |
| 11:26 | Build | Farm |
| 11:29 | Create | Villager (Male) |
| 11:59 | Build | House |
| 12:13 | Build | Watch Tower |
| 12:14 | Create | Villager (Male) |
| 12:16 | Create | Scout Cavalry |
| 12:16 | Create | Scout Cavalry |
| 12:20 | Build | House |
| 12:34 | Create | Villager (Male) |
| 12:55 | Create | Scout Cavalry |
| 12:58 | Create | Villager (Male) |
| 13:03 | Build | Farm |
| 13:06 | Build | Farm |
| 13:29 | Create | Villager (Male) |
| 13:48 | Build | Mill |
| 13:57 | Build | Mill |
| 13:59 | Create | Villager (Male) |
| 14:00 | Create | Villager (Male) |
| 14:03 | Create | Scout Cavalry |
| 14:26 | Create | Scout Cavalry |
| 14:31 | Build | Farm |
| 14:32 | Build | Farm |
| 14:39 | Build | Farm |
| 14:45 | Create | Villager (Male) |
| 15:00 | Research | Bloodlines |
| 15:00 | Research | Bloodlines |
| 15:02 | Create | Villager (Male) |
| 15:04 | Build | Farm |
| 15:16 | Build | Farm |
| 15:26 | Create | Villager (Male) |
| 15:49 | Build | Farm |
| 15:49 | Build | Farm |
| 15:51 | Create | Villager (Male) |
| 15:55 | Create | Villager (Male) |
| 16:17 | Build | Watch Tower |
| 16:28 | Create | Scout Cavalry |
| 16:29 | Create | Scout Cavalry |
| 16:45 | Create | Scout Cavalry |
| 17:01 | Create | Villager (Male) |
| 17:04 | Build | Farm |
| 17:24 | Build | Watch Tower |
| 17:33 | Create | Villager (Male) |
| 17:33 | Create | Villager (Male) |
| 18:01 | Create | Scout Cavalry |
| 18:02 | Create | Villager (Male) |
| 18:40 | Create | Villager (Male) |
| 18:43 | Build | Farm |
| 18:45 | Create | Scout Cavalry |
| 18:45 | Create | Scout Cavalry |
| 18:50 | Build | Mill |
| 19:01 | Build | Mill |
| 19:22 | Create | Villager (Male) |
| 19:22 | Create | Villager (Male) |
| 19:26 | Build | Blacksmith |
| 19:33 | Build | Mining Camp |
| 19:38 | Build | Farm |
| 19:38 | Build | Farm |
| 19:38 | Build | Farm |
| 19:39 | Build | Farm |
| 19:39 | Build | Farm |
| 19:39 | Build | Farm |
| 19:41 | Create | Scout Cavalry |
| 19:46 | Build | Farm |
| 19:52 | Create | Villager (Male) |
| 19:55 | Build | Farm |
| 20:09 | Create | Scout Cavalry |
| 20:17 | Create | Scout Cavalry |
| 20:38 | Research | Scale Barding Armor |
| 20:38 | Research | Scale Barding Armor |
| 20:39 | Create | Villager (Male) |
| 20:39 | Create | Villager (Male) |
| 20:42 | Build | Farm |
| 21:18 | Create | Scout Cavalry |
| 21:48 | Create | Scout Cavalry |
| 21:49 | Create | Villager (Male) |
| 21:59 | Build | Mining Camp |
| 22:16 | Research | Castle Age |
| 22:16 | Research | Castle Age |
| 22:28 | Create | Scout Cavalry |
| 22:29 | Build | Stable |
| 22:56 | Create | Scout Cavalry |
| 22:59 | Research | Forging |
| 23:11 | Create | Scout Cavalry |
| 23:11 | Create | Scout Cavalry |
| 23:32 | Build | Watch Tower |
| 23:37 | Create | Scout Cavalry |
| 23:38 | Create | Scout Cavalry |
| 23:45 | Build | House |
| 23:57 | Build | Market |
| 24:56 | Age | Castle Age |
Build order — General Nguyễn
First 150 of 152 actions detected
| 0:00 | Create | Villager (Male) |
| 0:01 | Create | Villager (Male) |
| 0:01 | Create | Villager (Male) |
| 0:02 | Build | House |
| 0:06 | Build | House |
| 0:20 | Create | Villager (Male) |
| 1:23 | Create | Villager (Male) |
| 1:55 | Create | Villager (Male) |
| 1:55 | Create | Villager (Male) |
| 2:14 | Build | Lumber Camp |
| 2:30 | Create | Villager (Male) |
| 2:30 | Create | Villager (Male) |
| 2:46 | Create | Villager (Male) |
| 3:31 | Build | House |
| 3:45 | Create | Villager (Male) |
| 3:45 | Create | Villager (Male) |
| 3:45 | Create | Villager (Male) |
| 4:09 | Create | Villager (Male) |
| 4:38 | Build | Mining Camp |
| 5:00 | Create | Villager (Male) |
| 5:00 | Create | Villager (Male) |
| 5:00 | Create | Villager (Male) |
| 5:32 | Create | Villager (Male) |
| 5:32 | Create | Villager (Male) |
| 5:33 | Create | Villager (Male) |
| 6:41 | Research | Feudal Age |
| 7:36 | Build | House |
| 7:56 | Build | Barracks |
| 8:51 | Age | Feudal Age |
| 8:57 | Build | Watch Tower |
| 9:01 | Create | Villager (Male) |
| 9:07 | Build | Archery Range |
| 9:12 | Create | Villager (Male) |
| 9:18 | Research | Double-Bit Axe |
| 9:33 | Create | Villager (Male) |
| 9:46 | Create | Archer |
| 9:46 | Create | Archer |
| 9:49 | Build | Palisade Wall |
| 9:51 | Build | Palisade Wall |
| 10:07 | Build | Palisade Wall |
| 10:12 | Create | Archer |
| 10:30 | Create | Villager (Male) |
| 10:33 | Build | House |
| 10:34 | Build | House |
| 10:37 | Research | Loom |
| 10:41 | Create | Archer |
| 10:57 | Build | House |
| 11:02 | Create | Archer |
| 11:10 | Create | Villager (Male) |
| 11:30 | Build | Mill |
| 11:31 | Create | Villager (Male) |
| 12:02 | Build | Palisade Wall |
| 12:07 | Build | Palisade Wall |
| 12:16 | Create | Villager (Male) |
| 12:56 | Create | Villager (Male) |
| 12:56 | Create | Villager (Male) |
| 13:05 | Build | Archery Range |
| 13:06 | Create | Villager (Male) |
| 13:26 | Research | Wheelbarrow |
| 13:44 | Build | Palisade Wall |
| 13:51 | Build | Palisade Wall |
| 13:55 | Create | Archer |
| 13:56 | Create | Archer |
| 13:56 | Create | Archer |
| 13:56 | Create | Archer |
| 14:14 | Create | Villager (Male) |
| 14:27 | Create | Archer |
| 14:37 | Create | Villager (Male) |
| 14:41 | Build | Blacksmith |
| 15:00 | Create | Archer |
| 15:06 | Create | Villager (Male) |
| 15:06 | Create | Villager (Male) |
| 15:07 | Create | Villager (Male) |
| 15:07 | Create | Villager (Male) |
| 15:16 | Build | Blacksmith |
| 15:33 | Research | Fletching |
| 15:38 | Build | Farm |
| 15:43 | Create | Villager (Male) |
| 15:47 | Build | House |
| 15:47 | Build | House |
| 15:48 | Build | House |
| 15:48 | Build | House |
| 15:48 | Build | House |
| 15:55 | Create | Archer |
| 16:01 | Create | Villager (Male) |
| 16:11 | Build | Palisade Wall |
| 16:13 | Build | Palisade Wall |
| 16:23 | Build | House |
| 16:27 | Build | House |
| 16:29 | Build | Palisade Wall |
| 16:30 | Create | Archer |
| 16:39 | Create | Villager (Male) |
| 16:40 | Create | Archer |
| 16:41 | Create | Archer |
| 16:41 | Create | Archer |
| 16:51 | Create | Villager (Male) |
| 16:54 | Build | Farm |
| 16:56 | Build | Farm |
| 16:57 | Build | Farm |
| 16:58 | Build | Farm |
| 16:59 | Build | Farm |
| 17:06 | Create | Archer |
| 17:17 | Create | Villager (Male) |
| 17:19 | Build | Farm |
| 17:21 | Build | Farm |
| 17:23 | Create | Villager (Male) |
| 17:24 | Create | Archer |
| 17:36 | Create | Archer |
| 17:37 | Create | Archer |
| 18:04 | Build | Archery Range |
| 18:17 | Research | Padded Archer Armor |
| 18:29 | Create | Archer |
| 18:30 | Create | Villager (Male) |
| 18:32 | Build | Farm |
| 18:33 | Build | Farm |
| 19:04 | Create | Villager (Male) |
| 19:07 | Build | Farm |
| 19:24 | Create | Archer |
| 19:31 | Create | Archer |
| 19:31 | Create | Archer |
| 19:31 | Create | Archer |
| 19:32 | Create | Archer |
| 19:38 | Create | Villager (Male) |
| 19:45 | Build | Lumber Camp |
| 19:53 | Build | Mining Camp |
| 20:10 | Create | Villager (Male) |
| 20:16 | Build | Farm |
| 21:38 | Create | Villager (Male) |
| 21:41 | Build | Farm |
| 21:47 | Research | Gold Mining |
| 21:51 | Create | Archer |
| 21:51 | Create | Archer |
| 21:59 | Build | Archery Range |
| 22:01 | Build | House |
| 22:02 | Build | Palisade Wall |
| 22:07 | Build | Palisade Wall |
| 22:08 | Build | Palisade Wall |
| 22:13 | Create | Archer |
| 22:16 | Create | Villager (Male) |
| 22:20 | Build | House |
| 22:55 | Create | Archer |
| 22:56 | Create | Archer |
| 22:56 | Create | Archer |
| 23:09 | Create | Archer |
| 23:15 | Research | Castle Age |
| 23:34 | Create | Archer |
| 23:34 | Create | Archer |
| 23:56 | Build | Market |
| 23:59 | Create | Archer |
| 23:59 | Create | Archer |
Match timeline
| 5:56 | Jaco · first_building Barracks |
| 7:56 | General Nguyễn · first_building Barracks |
| 8:51 | General Nguyễn · age_up feudal |
| 9:07 | General Nguyễn · first_building Archery Range |
| 9:45 | Jaco · age_up feudal |
| 9:49 | General Nguyễn · wall_segment Palisade Wall x1 |
| 9:51 | General Nguyễn · wall_segment Palisade Wall x1 |
| 10:07 | General Nguyễn · wall_segment Palisade Wall x1 |
| 10:13 | Jaco · first_building Stable |
| 12:02 | General Nguyễn · wall_segment Palisade Wall x1 |
| 12:07 | General Nguyễn · wall_segment Palisade Wall x1 |
| 13:44 | General Nguyễn · wall_segment Palisade Wall x1 |
| 13:51 | General Nguyễn · wall_segment Palisade Wall x1 |
| 16:11 | General Nguyễn · wall_segment Palisade Wall x1 |
| 16:13 | General Nguyễn · wall_segment Palisade Wall x1 |
| 16:29 | General Nguyễn · wall_segment Palisade Wall x1 |
| 22:02 | General Nguyễn · wall_segment Palisade Wall x3 |
| 22:07 | General Nguyễn · wall_segment Palisade Wall x1 |
| 22:08 | General Nguyễn · wall_segment Palisade Wall x1 |
| 24:56 | Jaco · age_up castle |
| 25:09 | General Nguyễn · resign |
[ AI ANALYSIS · 1 CREDIT ]
What really happened in this match?
Wolo.gg analyzes every decision: build order, eco, micro, common mistakes by bracket. Personalized analysis on WhatsApp or Discord in 30 seconds.
Civ guide
Poles
Perfil
Jugador #1470140